[Event "December 12 Early 2023"]
[Site "https://www.chess.com"]
[Date "2023.12.12"]
[Round "4"]
[White "Sahib Singh"]
[Black "Ovezdurdyyeva, Jemal"]
[Result "1-0"]
[Board "134"]
[TimeControl "180+1"]
[WhiteFideId "25618342"]
[BlackFideId "14001888"]
[WhiteElo "2587"]
[BlackElo "2413"]
[WhiteTeam "IND"]
[BlackTeam "TKM"]
[WhiteClock "0:02:29"]
[BlackClock "0:02:27"]

1. e4 d6 2. d4 Nf6 3. Nc3 g6 4. Bg5 Bg7 5. e5 Nfd7 6. f4 O-O 7. Nf3 f6 8. Bc4+ Kh8 9. Bh4 dxe5 10. fxe5 fxe5 11. dxe5 Nxe5 12. Nxe5 Qxd1+ 13. Rxd1 Bxe5 14. Bxe7 Re8 15. O-O Bg4 16. Rd8 Nc6 17. Rxe8+ Rxe8 18. Bh4 Bd4+ 19. Kh1 Ne5 20. Bf6# 1-0

[Event "December 12 Early 2023"]
[Site "https://www.chess.com"]
[Date "2023.12.12"]
[Round "4"]
[White "Leve, Nitai"]
[Black "Gong, Qianyun"]
[Result "1-0"]
[Board "135"]
[TimeControl "180+1"]
[WhiteFideId "2006898"]
[BlackFideId "8602425"]
[WhiteElo "2413"]
[BlackElo "2567"]
[WhiteTeam "USA"]
[BlackTeam "SGP"]
[WhiteClock "0:00:05"]
[BlackClock "0:00:00"]

1. e4 e6 2. d4 d5 3. e5 c5 4. c3 Nc6 5. Nf3 Nge7 6. Bd3 Nf5 7. Bxf5 exf5 8. O-O cxd4 9. cxd4 Be7 10. Nc3 Be6 11. Qb3 O-O 12. a3 a6 13. Qa2 Na5 14. b3 Rc8 15. Bd2 h6 16. Rfc1 Nc6 17. b4 b5 18. Ne2 g5 19. Ne1 f4 20. Nd3 f6 21. Rc2 Bf5 22. Qb3 fxe5 23. dxe5 Bxd3 24. Qxd3 Nxe5 25. Rxc8 Nxd3 26. Rxd8 Rxd8 27. Bc3 f3 28. gxf3 Rf8 29. Kg2 Nf4+ 30. Nxf4 Rxf4 31. Rd1 Rf5 32. Bd4 Kf7 33. Kg3 Bd6+ 34. Kg2 Ke6 35. Re1+ Kd7 36. Rc1 Rf4 37. Rd1 g4 38. fxg4 Rxg4+ 39. Kh3 h5 40. f3 Rf4 41. Kg2 Rh4 42. h3 Rf4 43. Be3 Rf5 44. Rd3 Ke6 45. Bd2 Rf7 46. Re3+ Kd7 47. Rd3 Rg7+ 48. Kf2 Bg3+ 49. Ke2 Kd6 50. f4 h4 51. Kf3 Rc7 52. f5 Ke5 53. f6 Rf7 54. Bg5 d4 55. Kg4 Ke4 56. Rd1 d3 57. Kh5 Rd7 58. Kg6 Kf3 59. f7 Rd8 60. Bxd8 Bd6 61. Rxd3+ 1-0

[Event "December 12 Early 2023"]
[Site "https://www.chess.com"]
[Date "2023.12.12"]
[Round "4"]
[White "Hajiyev, Kanan"]
[Black "yaguigor"]
[Result "0-1"]
[Board "136"]
[TimeControl "180+1"]
[WhiteFideId "13404148"]
[WhiteElo "2564"]
[BlackElo "2412"]
[WhiteTeam "AZE"]
[WhiteClock "0:02:07"]
[BlackClock "0:02:32"]

1. d4 d5 2. Nf3 Nf6 3. c4 c6 4. cxd5 cxd5 5. Nc3 Nc6 6. Bg5 Ne4 7. Bf4 f6 8. e3 g5 9. Nxg5 fxg5 10. Qh5+ Kd7 11. Bxg5 Nxg5 12. Qxg5 e6 13. Be2 Qxg5 0-1

[Event "December 12 Early 2023"]
[Site "https://www.chess.com"]
[Date "2023.12.12"]
[Round "4"]
[White "Martinez Fernandez, Adrian"]
[Black "Donskov, Anatoly"]
[Result "1-0"]
[Board "137"]
[TimeControl "180+1"]
[WhiteFideId "32049048"]
[BlackFideId "24143413"]
[WhiteElo "2552"]
[BlackElo "2408"]
[WhiteTeam "ESP"]
[BlackTeam "RUS"]
[WhiteClock "0:01:30"]
[BlackClock "0:00:00"]

1. e4 c5 2. Nc3 e6 3. Nge2 Nc6 4. g3 d5 5. exd5 exd5 6. d4 Bg4 7. Bg2 Nxd4 8. O-O Nf6 9. h3 Nxe2+ 10. Nxe2 Be6 11. c4 Be7 12. Nf4 O-O 13. Nxe6 fxe6 14. Re1 Qd7 15. Bf4 Bd6 16. Bg5 d4 17. Qe2 Rae8 18. Rad1 h6 19. Bc1 e5 20. a3 e4 21. b4 b6 22. b5 Qf5 23. Qf1 Nh7 24. a4 Ng5 25. Bxg5 Qxg5 26. Bxe4 Bxg3 27. Qg2 Bh4 28. Bd5+ Kh8 29. Rxe8 Bxf2+ 30. Kf1 Rxe8 31. Qxg5 hxg5 32. Kxf2 Re3 33. a5 bxa5 34. Ra1 Rxh3 35. Rxa5 d3 36. Rxa7 g4 37. Be4 g5 38. Rd7 Rh2+ 39. Kg3 Rc2 40. Bxd3 Rc3 41. b6 1-0

[Event "December 12 Early 2023"]
[Site "https://www.chess.com"]
[Date "2023.12.12"]
[Round "4"]
[White "Parra Gomez, Adrian"]
[Black "Osmak, Yuliia"]
[Result "1-0"]
[Board "138"]
[TimeControl "180+1"]
[WhiteFideId "3513106"]
[BlackFideId "14101602"]
[WhiteElo "2408"]
[BlackElo "2546"]
[WhiteTeam "CUB"]
[BlackTeam "UKR"]
[WhiteClock "0:00:28"]
[BlackClock "0:00:00"]

1. d4 d6 2. c4 e5 3. Nc3 exd4 4. Qxd4 Nc6 5. Qd2 Nf6 6. b3 g6 7. Bb2 Bg7 8. Nf3 O-O 9. e3 Bg4 10. Be2 Re8 11. O-O Qd7 12. Rfd1 Rad8 13. h3 Bf5 14. Bd3 Bxh3 15. gxh3 Qxh3 16. Nh2 Ne5 17. Bf1 Qh4 18. Nd5 Ne4 19. Qe2 c6 20. Nf4 g5 21. Ng2 Qh3 22. Ne1 Qf5 23. Rab1 Re6 24. Bg2 Rh6 25. Nef3 Ng4 26. Bxg7 Kxg7 27. Nd4 Qxf2+ 28. Qxf2 Ngxf2 29. Bxe4 Rxh2 30. Kxh2 Nxe4 31. Rb2 f6 32. Kg2 Re8 33. Nf5+ Kg6 34. Nxd6 Nc3 35. Nxe8 Nxd1 36. Re2 Nc3 37. Rd2 Ne4 38. Rd7 Nc5 39. Rg7+ Kf5 40. Rxh7 Ke4 41. Nd6+ Kxe3 42. Nxb7 1-0

[Event "December 12 Early 2023"]
[Site "https://www.chess.com"]
[Date "2023.12.12"]
[Round "4"]
[White "Vakhidov, Shahzod"]
[Black "Lima, Stefan Moisei VIeira"]
[Result "0-1"]
[Board "139"]
[TimeControl "180+1"]
[WhiteFideId "14205270"]
[BlackFideId "22782273"]
[WhiteElo "2545"]
[BlackElo "2406"]
[WhiteTeam "UZB"]
[BlackTeam "BRA"]
[WhiteClock "0:00:00"]
[BlackClock "0:00:34"]

1. d4 Nf6 2. Nf3 g6 3. g3 Bg7 4. Bg2 O-O 5. c4 d5 6. cxd5 Nxd5 7. O-O Nc6 8. e4 Nb6 9. d5 Na5 10. Nc3 c6 11. Bf4 Bg4 12. h3 Bxf3 13. Bxf3 Nac4 14. Qe2 cxd5 15. exd5 Rc8 16. Rac1 Re8 17. b3 Nd6 18. Be5 Bxe5 19. Qxe5 Nd7 20. Qd4 Qb6 21. Qf4 Nf6 22. Rfe1 Qa5 23. Qd4 Qa3 24. g4 Rc7 25. g5 Nd7 26. Rc2 Rec8 27. h4 Qa5 28. b4 Qa3 29. Rec1 Nb6 30. Bg4 Rc4 31. Qd1 Rxc3 32. Bxc8 Rxc8 33. Rxc8+ Nbxc8 34. Qc2 Qxb4 0-1

[Event "December 12 Early 2023"]
[Site "https://www.chess.com"]
[Date "2023.12.12"]
[Round "4"]
[White "Sharapov, Evgeny"]
[Black "Xie, Bryan"]
[Result "0-1"]
[Board "140"]
[TimeControl "180+1"]
[WhiteFideId "14103133"]
[BlackFideId "30941296"]
[WhiteElo "2528"]
[BlackElo "2405"]
[WhiteTeam "UKR"]
[BlackTeam "USA"]
[WhiteClock "0:02:17"]
[BlackClock "0:02:04"]

1. e4 c5 2. Nf3 e6 3. c4 Nc6 4. Nc3 Nf6 5. Be2 Be7 6. O-O O-O 7. Re1 Qc7 8. a3 a6 9. d4 cxd4 10. Nxd4 d6 11. Be3 Bd7 12. Rc1 Rac8 13. Nd5 exd5 14. cxd5 Nxe4 15. dxc6 bxc6 16. Bf3 d5 17. Bxe4 dxe4 18. Qc2 Rfe8 19. Qxe4 Bb4 20. Qc2 Bxe1 21. Rxe1 c5 22. Nb3 Ba4 23. Qc4 Bxb3 24. Qxb3 c4 25. Qc3 Qe5 26. Qc2 c3 27. Bd2 Qxe1+ 0-1

[Event "December 12 Early 2023"]
[Site "https://www.chess.com"]
[Date "2023.12.12"]
[Round "4"]
[White "Tymrakiewicz, Rafal"]
[Black "Khamdamova, Afruza"]
[Result "0-1"]
[Board "141"]
[TimeControl "180+1"]
[WhiteFideId "1108832"]
[BlackFideId "14210444"]
[WhiteElo "2403"]
[BlackElo "2524"]
[WhiteTeam "POL"]
[BlackTeam "UZB"]
[WhiteClock "0:00:00"]
[BlackClock "0:00:28"]

1. d4 Nf6 2. Bg5 Ne4 3. Bf4 d5 4. e3 c5 5. Bd3 Nc6 6. Bxe4 dxe4 7. d5 Nb4 8. Nc3 Bf5 9. Nge2 Qd7 10. Ng3 Rd8 11. O-O g6 12. a3 Nxd5 13. Nxd5 Qxd5 14. Qxd5 Rxd5 15. Rfd1 Rxd1+ 16. Rxd1 Bg7 17. Nxf5 gxf5 18. c3 b6 19. Bb8 a6 20. Bc7 O-O 21. Bxb6 c4 22. Rd7 Rb8 23. Rd8+ Rxd8 24. Bxd8 Kf8 25. Kf1 Ke8 26. Bb6 Kd7 27. a4 Be5 28. g3 Kc6 29. Bd4 Bb8 30. Bg7 Kb6 31. Bf8 Bd6 32. Ke2 Ka5 33. Kd2 Kxa4 34. Kc2 h5 35. Bg7 f6 36. Bh6 Kb5 0-1

[Event "December 12 Early 2023"]
[Site "https://www.chess.com"]
[Date "2023.12.12"]
[Round "4"]
[White "Goltseva, Ekaterina"]
[Black "Mesquita, Eduardo Barbosa"]
[Result "1-0"]
[Board "142"]
[TimeControl "180+1"]
[WhiteFideId "24173770"]
[BlackFideId "22757163"]
[WhiteElo "2524"]
[BlackElo "2392"]
[WhiteTeam "RUS"]
[BlackTeam "BRA"]
[WhiteClock "0:00:28"]
[BlackClock "0:00:52"]

1. e4 c5 2. Nf3 d6 3. b3 Nf6 4. Nc3 Bg4 5. Be2 Nc6 6. Bb2 e6 7. O-O Be7 8. h3 Bh5 9. d3 O-O 10. Nd2 Bg6 11. f4 d5 12. f5 d4 13. Ncb1 Bd6 14. fxg6 Bc7 15. gxh7+ Kh8 16. Nf3 Qd6 17. Nbd2 b5 18. a4 Qf4 19. Bc1 Qe3+ 20. Kh1 Nh5 21. g4 Ng3+ 22. Kg2 Qxe2+ 23. Qxe2 Nxe2 24. axb5 Nb4 25. Nc4 Nc3 26. Rf2 f5 27. e5 fxg4 28. hxg4 Nxb5 29. Bg5 Nc3 30. Be7 Rf7 31. Bxc5 Nbd5 32. Bxd4 Nb5 33. Bc5 Nf4+ 34. Kg3 Ng6 35. Ng5 Rxf2 36. Kxf2 Nxe5 37. Nxe5 Bxe5 38. Nf7+ 1-0

[Event "December 12 Early 2023"]
[Site "https://www.chess.com"]
[Date "2023.12.12"]
[Round "4"]
[White "Aggelis, Nikolaos"]
[Black "Yeritsyaan"]
[Result "0-1"]
[Board "143"]
[TimeControl "180+1"]
[WhiteFideId "4213220"]
[WhiteElo "2519"]
[BlackElo "2385"]
[WhiteTeam "GRE"]
[WhiteClock "0:00:00"]
[BlackClock "0:00:36"]

1. c4 Nf6 2. g3 d5 3. cxd5 Qxd5 4. Nf3 e5 5. Nc3 Qe6 6. d3 Nc6 7. Bg2 Bc5 8. O-O O-O 9. Bg5 h6 10. Bxf6 Qxf6 11. Ne4 Qe7 12. Nxc5 Qxc5 13. Rc1 Qe7 14. a3 Be6 15. Qa4 Rad8 16. Qh4 Qxh4 17. Nxh4 Bd5 18. Rc5 Bxg2 19. Kxg2 Rd7 20. Rfc1 Re8 21. b4 a6 22. b5 axb5 23. Rxb5 Nd8 24. Rc4 c6 25. Rb6 g6 26. Nf3 Rd5 27. Nd2 f5 28. Nb3 Re7 29. Rc5 Rxc5 30. Nxc5 Kf7 31. a4 Rc7 32. a5 Ke7 33. f4 exf4 34. gxf4 Kd6 35. d4 Kd5 36. e3 g5 37. Kf3 g4+ 38. Ke2 h5 39. Kd3 h4 40. Rb1 Rg7 41. Ke2 Re7 42. Kf2 Kd6 43. a6 bxa6 44. Nxa6 Ra7 45. Rb6 Kd5 46. Nb4+ Ke4 47. Nxc6 Nxc6 48. Rxc6 Ra2+ 49. Kf1 Kxe3 50. d5 Rd2 51. Rh6 h3 0-1

[Event "December 12 Early 2023"]
[Site "https://www.chess.com"]
[Date "2023.12.12"]
[Round "4"]
[White "Chandra, Anand Rishi"]
[Black "Rogov, Matfey"]
[Result "0-1"]
[Board "144"]
[TimeControl "180+1"]
[WhiteFideId "2626152"]
[BlackFideId "44191308"]
[WhiteElo "2380"]
[BlackElo "2517"]
[WhiteTeam "CAN"]
[BlackTeam "RUS"]
[WhiteClock "0:01:12"]
[BlackClock "0:00:30"]

1. e4 c5 2. Nc3 Nc6 3. f4 g6 4. Nf3 Bg7 5. Bc4 e6 6. d3 Nge7 7. O-O d5 8. Bb5 O-O 9. Bxc6 bxc6 10. Qe1 Rb8 11. Qh4 f5 12. e5 d4 13. Nb1 Nd5 14. b3 Qxh4 15. Nxh4 a5 16. a4 Ba6 17. Nf3 h6 18. h4 Kf7 19. Bd2 Nb4 20. Bxb4 Rxb4 21. Nbd2 Rg8 22. Kf2 Bf8 23. g3 Be7 24. Nc4 Bxc4 25. dxc4 d3 26. Nd2 dxc2 27. Rac1 g5 28. hxg5 hxg5 29. Rxc2 gxf4 30. gxf4 Bh4+ 31. Ke3 Rg3+ 32. Rf3 Rg2 33. Rh3 Be1 34. Rh7+ Kg6 35. Rh8 Bxd2+ 36. Kf3 Rg4 37. Rxd2 Rxb3+ 38. Ke2 Rxf4 0-1

[Event "December 12 Early 2023"]
[Site "https://www.chess.com"]
[Date "2023.12.12"]
[Round "4"]
[White "Guerrero Olmos, Sergio"]
[Black "Donchenko, Anatoly"]
[Result "1-0"]
[Board "145"]
[TimeControl "180+1"]
[WhiteFideId "2257238"]
[BlackFideId "4106091"]
[WhiteElo "2517"]
[BlackElo "2380"]
[WhiteTeam "ESP"]
[BlackTeam "GER"]
[WhiteClock "0:00:33"]
[BlackClock "0:00:09"]

1. d4 d5 2. Nf3 Nf6 3. Bf4 a6 4. e3 Bg4 5. c4 dxc4 6. Bxc4 e6 7. Nbd2 Bd6 8. Bg3 O-O 9. Rc1 Nbd7 10. Qb3 b5 11. Be2 Qe7 12. O-O c5 13. Bxd6 Qxd6 14. Qa3 Rfc8 15. Nb3 b4 16. dxc5 bxa3 17. cxd6 axb2 18. Rxc8+ Rxc8 19. Rb1 Ne4 20. Rxb2 Nxd6 21. Bxa6 Ra8 22. Bf1 Bxf3 23. gxf3 Ne5 24. Kg2 g5 25. Rc2 Ra3 26. h4 h6 27. hxg5 hxg5 28. Rc5 f6 29. Nd4 Rxa2 30. Nxe6 Nf5 31. Nxg5 Nxe3+ 32. Kg1 fxg5 33. Rxe5 Kh7 34. fxe3 Kg6 35. Bd3+ Kh6 36. Bf5 Re2 37. Kf1 Rb2 38. Bg4 Kg6 39. Re6+ Kf7 40. e4 Rd2 41. Rc6 Rb2 42. e5 Rd2 43. Bf5 Rb2 44. Rc7+ Kf8 45. e6 Rc2 46. Bxc2 1-0

[Event "December 12 Early 2023"]
[Site "https://www.chess.com"]
[Date "2023.12.12"]
[Round "4"]
[White "Topalov, Aleksandar"]
[Black "Valle Luis, Leo"]
[Result "0-1"]
[Board "146"]
[TimeControl "180+1"]
[WhiteFideId "925659"]
[BlackFideId "54577187"]
[WhiteElo "2379"]
[BlackElo "2516"]
[WhiteTeam "SRB"]
[BlackTeam "ESP"]
[WhiteClock "0:00:53"]
[BlackClock "0:01:04"]

1. b3 Nf6 2. Bb2 g6 3. Bxf6 exf6 4. c4 Bg7 5. Nc3 O-O 6. e3 c6 7. Nge2 f5 8. g3 d6 9. Bg2 Nd7 10. O-O Qe7 11. Rb1 Re8 12. b4 Ne5 13. d3 Rb8 14. b5 Bd7 15. bxc6 bxc6 16. Qa4 Nxd3 17. Bxc6 Nc5 18. Nd5 Qd8 19. Bxd7 Nxa4 20. Bxa4 Rf8 21. Nd4 Bxd4 22. exd4 Qa5 23. Ne7+ Kg7 24. Nc6 Qxa4 25. Nxb8 Qxc4 26. Rfd1 Qxa2 27. Rb7 Qa4 28. Rc1 Qxd4 29. Rcc7 a5 30. Nc6 Qd1+ 31. Kg2 Qd5+ 32. Kg1 Re8 33. Ne7 Qd1+ 34. Kg2 Qd3 35. Nc6 Qd5+ 36. Kh3 a4 37. Ra7 f4 38. gxf4 Qf3+ 39. Kh4 Qxf4+ 40. Kh3 Qf3+ 41. Kh4 Re4+ 0-1

[Event "December 12 Early 2023"]
[Site "https://www.chess.com"]
[Date "2023.12.12"]
[Round "4"]
[White "Erzhanov, Arman"]
[Black "Koridze, Lile"]
[Result "1-0"]
[Board "147"]
[TimeControl "180+1"]
[WhiteFideId "4138821"]
[BlackFideId "13612514"]
[WhiteElo "2515"]
[BlackElo "2374"]
[WhiteTeam "KAZ"]
[BlackTeam "GEO"]
[WhiteClock "0:01:12"]
[BlackClock "0:00:00"]

1. e4 c5 2. Nf3 d6 3. d4 cxd4 4. Qxd4 a6 5. Be2 Nc6 6. Qe3 Nf6 7. h3 g6 8. O-O Bg7 9. Rd1 Qc7 10. c4 O-O 11. Nc3 b6 12. Rb1 Bb7 13. b3 e6 14. Bb2 Rad8 15. Rbc1 Rfe8 16. Na4 Nd7 17. Bxg7 Kxg7 18. h4 Nc5 19. Nc3 Qe7 20. h5 Qf6 21. h6+ Kh8 22. Qg5 Qxg5 23. Nxg5 Kg8 24. f3 f6 25. Nh3 Ne5 26. Rd2 Nf7 27. Rcd1 Rd7 28. Nf2 f5 29. exf5 gxf5 30. Rd4 Nxh6 31. Rxd6 Red8 32. Rxb6 Rxd1+ 33. Nfxd1 Bc8 34. Rb8 Nd7 35. Rb4 Nc5 36. Na4 Nd7 37. c5 Ne5 38. Rb8 Nc6 39. Ra8 Nf7 40. Nb6 Bb7 41. Rxd8+ Nfxd8 42. Ne3 Nd4 43. Bc4 Kf8 44. Kf2 Ke7 45. a3 N8c6 46. b4 Ne5 47. Ba2 Nd3+ 48. Kf1 Nc1 49. Bc4 f4 50. Ng4 Nf5 51. Ke1 h5 52. Ne5 Ne3 53. Kd2 1-0

[Event "December 12 Early 2023"]
[Site "https://www.chess.com"]
[Date "2023.12.12"]
[Round "4"]
[White "Durucay, Uygar"]
[Black "Melikhov, Evgeny V."]
[Result "0-1"]
[Board "148"]
[TimeControl "180+1"]
[WhiteFideId "44591560"]
[BlackFideId "4122046"]
[WhiteElo "2515"]
[BlackElo "2372"]
[WhiteTeam "TUR"]
[BlackTeam "GRE"]
[WhiteClock "0:00:00"]
[BlackClock "0:00:14"]

1. d4 Nf6 2. Nf3 d5 3. c4 e6 4. cxd5 exd5 5. Bf4 Bd6 6. Bg5 h6 7. Bh4 Be7 8. Qc2 c6 9. Nc3 O-O 10. e3 Nh5 11. Bg3 Nxg3 12. hxg3 Nd7 13. Bd3 Nf6 14. O-O Re8 15. a3 Bd6 16. b4 a6 17. Rab1 Ng4 18. a4 Bxg3 19. fxg3 Nxe3 20. Qf2 Nxf1 21. Rxf1 Qd6 22. Ne5 Be6 23. Nxf7 Bxf7 24. Qxf7+ Kh8 25. Qf5 g6 26. Qh3 Kg7 27. Ne2 Re3 28. Nf4 Rf8 29. Bb1 Rf6 30. Kh2 h5 31. Qh4 Kh6 32. Nxh5 Rxf1 33. Nf4+ Kg7 34. Bxg6 Rxf4 35. Qh7+ Kf6 36. Qf7+ Kg5 37. gxf4+ Qxf4+ 38. Qxf4+ Kxf4 0-1

[Event "December 12 Early 2023"]
[Site "https://www.chess.com"]
[Date "2023.12.12"]
[Round "4"]
[White "Devaev, Alexander"]
[Black "Nita, Lucian"]
[Result "1-0"]
[Board "149"]
[TimeControl "180+1"]
[WhiteFideId "4169395"]
[BlackFideId "1206923"]
[WhiteElo "2515"]
[BlackElo "2371"]
[WhiteTeam "RUS"]
[BlackTeam "ROU"]
[WhiteClock "0:00:13"]
[BlackClock "0:00:04"]

1. Nf3 d6 2. d4 Nf6 3. c4 Nbd7 4. Nc3 e5 5. d5 Be7 6. e4 O-O 7. h3 Nc5 8. Qc2 a5 9. Be2 Ne8 10. Be3 b6 11. g4 g6 12. O-O-O f5 13. gxf5 gxf5 14. Rdg1+ Kh8 15. Nd2 f4 16. Bxc5 bxc5 17. Bg4 Nf6 18. Nf3 Nxg4 19. hxg4 Rg8 20. Nh2 f3 21. Nd1 Bg5+ 22. Kb1 Qf6 23. Qd3 Rf8 24. Rg3 Qf4 25. Ne3 Bd7 26. Rxf3 Qxf3 27. Nxf3 Rxf3 28. Qe2 Raf8 29. Nf5 Rf4 30. f3 Bxf5 31. gxf5 Rh4 32. Rxh4 Bxh4 33. Qh2 Bg5 34. Qh5 Bf4 35. Kc2 Kg7 36. Kb3 Rb8+ 37. Kc2 Rf8 38. b3 Be3 39. Kb2 a4 40. bxa4 Rb8+ 41. Kc2 Bd4 42. Qg5+ Kf7 43. Qh6 Rb2+ 44. Kd3 Rxa2 45. Qxh7+ Kf8 46. f6 Ra3+ 47. Ke2 Ra2+ 48. Kf1 Ra1+ 49. Ke2 Ra2+ 50. Kd1 Ra1+ 51. Kc2 Ra2+ 52. Kb3 Rb2+ 53. Ka3 1-0

[Event "December 12 Early 2023"]
[Site "https://www.chess.com"]
[Date "2023.12.12"]
[Round "4"]
[White "Yashmetov, Mikhail"]
[Black "Zaksaite, Salomeja"]
[Result "0-1"]
[Board "150"]
[TimeControl "180+1"]
[WhiteFideId "24198900"]
[BlackFideId "12801496"]
[WhiteElo "2515"]
[BlackElo "2367"]
[WhiteTeam "RUS"]
[BlackTeam "LTU"]
[WhiteClock "0:00:02"]
[BlackClock "0:00:04"]

1. Nf3 e6 2. b3 f5 3. Bb2 Nf6 4. e3 b6 5. g3 Bb7 6. Bg2 d6 7. O-O Qe7 8. c4 Nbd7 9. Nc3 Rg8 10. d4 g5 11. b4 g4 12. Nh4 Bxg2 13. Nxg2 h5 14. Nb5 Kd8 15. Rc1 a6 16. Na3 Bh6 17. c5 h4 18. Nxh4 Bg5 19. cxd6 cxd6 20. Qc2 Bxh4 21. Qc7+ Ke8 22. Nc4 Ne4 23. Nxb6 Nxb6 24. Qxb6 Ra7 25. Rc8+ Kf7 26. Rfc1 Rxc8 27. Rxc8 Bf6 28. Ba3 Qb7 29. Qxb7+ Rxb7 30. Ra8 Nd2 31. Rxa6 Nc4 32. b5 Rxb5 33. Bxd6 Rb1+ 34. Kg2 Nd2 35. Ra7+ Kg6 36. f4 Nf3 37. h3 Rb2+ 38. Kf1 gxh3 39. g4 h2 40. Ra8 h1=Q# 0-1

[Event "December 12 Early 2023"]
[Site "https://www.chess.com"]
[Date "2023.12.12"]
[Round "4"]
[White "NovakRatko"]
[Black "Dubnevych, Maksym"]
[Result "0-1"]
[Board "151"]
[TimeControl "180+1"]
[BlackFideId "14184001"]
[WhiteElo "2366"]
[BlackElo "2514"]
[BlackTeam "UKR"]
[WhiteClock "0:01:01"]
[BlackClock "0:01:24"]

1. d4 d5 2. c4 e6 3. cxd5 exd5 4. Nc3 Nf6 5. f3 Bb4 6. Bg5 h6 7. Bh4 O-O 8. a3 Be7 9. e3 c6 10. Bd3 Re8 11. Nge2 Nbd7 12. O-O Nf8 13. Bf2 b6 14. Rc1 a5 15. Ng3 Ba6 16. Bxa6 Rxa6 17. Qd3 b5 18. a4 Rb6 19. axb5 cxb5 20. Nxb5 Qb8 21. Nc3 Rxb2 22. Rb1 Bd6 23. e4 Bxg3 24. Bxg3 Qb3 25. Rxb2 Qxb2 26. e5 N6d7 27. Nxd5 Ne6 28. Bf2 a4 29. Rb1 Qa2 30. Nb4 Nf4 31. Qe4 Qd2 32. Be3 Qxg2# 0-1

[Event "December 12 Early 2023"]
[Site "https://www.chess.com"]
[Date "2023.12.12"]
[Round "4"]
[White "Tikhonov, Viacheslav"]
[Black "Adamczyk, Zuzanna"]
[Result "1-0"]
[Board "152"]
[TimeControl "180+1"]
[WhiteFideId "44196407"]
[BlackFideId "1187570"]
[WhiteElo "2514"]
[BlackElo "2364"]
[WhiteTeam "RUS"]
[BlackTeam "POL"]
[WhiteClock "0:00:29"]
[BlackClock "0:00:01"]

1. e4 c5 2. Nf3 e6 3. b3 Nf6 4. e5 Nd5 5. Bb2 Nc6 6. g3 b6 7. Bg2 Bb7 8. d4 f5 9. c4 Ndb4 10. a3 Na6 11. d5 Nd4 12. Nxd4 cxd4 13. b4 b5 14. cxb5 Nc7 15. Qxd4 Bxd5 16. Bxd5 Nxd5 17. Nc3 Nxc3 18. Bxc3 Qb6 19. O-O-O Qxd4 20. Rxd4 h5 21. Rhd1 Rd8 22. h4 Be7 23. f4 Rh6 24. Kb2 Rg6 25. Be1 Rg4 26. Kb3 Rg6 27. a4 Rg4 28. a5 g6 29. Bf2 Rb8 30. Ka4 d5 31. exd6 Bf6 32. d7+ Kd8 33. Rc4 e5 34. Bxa7 Rb7 35. Rc8+ Ke7 36. d8=Q+ Kf7 37. Qg8+ Ke7 38. Bc5# 1-0

[Event "December 12 Early 2023"]
[Site "https://www.chess.com"]
[Date "2023.12.12"]
[Round "4"]
[White "Womacka, Mathias"]
[Black "Gutkin, Ilya"]
[Result "1-0"]
[Board "153"]
[TimeControl "180+1"]
[WhiteFideId "4611390"]
[BlackFideId "16203470"]
[WhiteElo "2511"]
[BlackElo "2361"]
[WhiteTeam "GER"]
[BlackTeam "GER"]
[WhiteClock "0:00:11"]
[BlackClock "0:00:00"]

1. e4 e5 2. Nf3 Nc6 3. Bb5 Nf6 4. O-O Nxe4 5. Re1 Nd6 6. Nxe5 Be7 7. Bf1 Nxe5 8. Rxe5 O-O 9. d4 Bf6 10. Re1 Nf5 11. d5 d6 12. Nd2 Re8 13. Ne4 Be7 14. Bf4 Bf8 15. Qd2 Bd7 16. a4 h6 17. a5 Nh4 18. Qb4 Ng6 19. Bg3 b6 20. Bb5 Bxb5 21. Qxb5 bxa5 22. Qxa5 Qb8 23. b3 Qb6 24. Qc3 Ne7 25. Qd3 Nf5 26. Nf6+ gxf6 27. Qxf5 Qb4 28. Rxe8 Rxe8 29. h4 Re1+ 30. Rxe1 Qxe1+ 31. Kh2 Qc3 32. h5 a5 33. Bh4 Bg7 34. Qg4 Qe5+ 35. g3 Kh7 36. Qf3 f5 37. Kg2 f6 38. Qd3 Qe4+ 39. Qxe4 fxe4 40. g4 Kg8 41. Kg3 f5 42. gxf5 Be5+ 43. Kg4 Kf7 44. Bd8 Bd4 45. Kf4 Bxf2 46. Kxe4 1-0

[Event "December 12 Early 2023"]
[Site "https://www.chess.com"]
[Date "2023.12.12"]
[Round "4"]
[White "Tulchynskyi, Feliks"]
[Black "Diaz, Fernando"]
[Result "1-0"]
[Board "154"]
[TimeControl "180+1"]
[WhiteFideId "34127895"]
[BlackFideId "3701255"]
[WhiteElo "2507"]
[BlackElo "2358"]
[WhiteTeam "UKR"]
[BlackTeam "PAR"]
[WhiteClock "0:00:05"]
[BlackClock "0:00:02"]

1. c4 e5 2. Nc3 Nc6 3. Nf3 g6 4. g3 Bg7 5. Bg2 d6 6. O-O Be6 7. d3 h6 8. Rb1 Nge7 9. b4 Qd7 10. b5 Nd8 11. Ne1 O-O 12. Nc2 f5 13. Nd5 c6 14. bxc6 bxc6 15. Nxe7+ Qxe7 16. f4 e4 17. Bb2 Bxb2 18. Rxb2 Nf7 19. Ne3 Rab8 20. Qd2 exd3 21. exd3 Qf6 22. Rfb1 Rxb2 23. Qxb2 Qxb2 24. Rxb2 Nd8 25. Rb8 Bf7 26. Ra8 Ne6 27. Rxa7 Nd4 28. Rd7 Re8 29. Rxd6 c5 30. Kf2 Rb8 31. Bd5 Rb2+ 32. Kf1 Rb1+ 33. Kg2 Rb2+ 34. Kh3 Ne2 35. Rxg6+ Kh7 36. Rxh6+ Kxh6 37. Nxf5+ Kg6 38. Nh4+ Kf6 39. Be4 Bh5 40. g4 Ng1+ 41. Kg3 Be8 42. g5+ Kg7 43. f5 Rxa2 44. f6+ Kf8 45. Bd5 Ne2+ 46. Kg4 Bd7+ 47. Kf3 Nd4+ 48. Ke4 Re2+ 49. Kf4 Rf2+ 50. Ke5 Rxh2 51. g6 Rxh4 52. g7+ Ke8 53. g8=Q# 1-0

[Event "December 12 Early 2023"]
[Site "https://www.chess.com"]
[Date "2023.12.12"]
[Round "4"]
[White "Gavrilov, Maxim"]
[Black "Gallegos Diaz, Carlos Alberto"]
[Result "1-0"]
[Board "155"]
[TimeControl "180+1"]
[WhiteFideId "24271454"]
[BlackFideId "3900886"]
[WhiteElo "2507"]
[BlackElo "2357"]
[WhiteTeam "RUS"]
[BlackTeam "VEN"]
[WhiteClock "0:00:04"]
[BlackClock "0:00:00"]

1. d4 d6 2. c4 e5 3. Nf3 Nd7 4. Nc3 Ngf6 5. g3 Be7 6. Bg2 O-O 7. O-O c6 8. e4 exd4 9. Nxd4 Ne5 10. b3 Re8 11. Bb2 Qb6 12. h3 Nxc4 13. Na4 Nxb2 14. Nxb6 Nxd1 15. Nxa8 Nb2 16. Nc7 Rd8 17. Rab1 Nd3 18. Rfd1 Nc5 19. b4 Ncxe4 20. Re1 d5 21. f3 Nd2 22. Rbd1 Bxb4 23. Re2 Nc4 24. Kh2 Bd6 25. Ncb5 cxb5 26. Nxb5 Bc5 27. f4 Ne3 28. Rc1 Bb6 29. Bf3 Bf5 30. Nc3 d4 31. Na4 d3 32. Rd2 Ne4 33. Bxe4 Bxe4 34. Nxb6 axb6 35. Re1 Nc4 36. Rdd1 f5 37. g4 d2 38. Re2 Bf3 39. Rexd2 Rxd2+ 40. Rxd2 Nxd2 41. Kg3 Bxg4 42. Kh4 1-0

[Event "December 12 Early 2023"]
[Site "https://www.chess.com"]
[Date "2023.12.12"]
[Round "4"]
[White "Krzywda, Andrzej"]
[Black "Franchini, Gabriele"]
[Result "1-0"]
[Board "156"]
[TimeControl "180+1"]
[WhiteFideId "1114565"]
[BlackFideId "806790"]
[WhiteElo "2507"]
[BlackElo "2345"]
[WhiteTeam "POL"]
[BlackTeam "ITA"]
[WhiteClock "0:00:06"]
[BlackClock "0:00:07"]

1. e4 e6 2. d4 d5 3. Nc3 Nf6 4. e5 Nfd7 5. f4 c5 6. Nf3 Nc6 7. Be3 cxd4 8. Nxd4 Bc5 9. Qd2 O-O 10. O-O-O a6 11. Nb3 Be7 12. g4 b5 13. Bd3 Nb6 14. Bxb6 Qxb6 15. Ne2 a5 16. Nbd4 Nxd4 17. Nxd4 b4 18. Kb1 Ba6 19. Bxa6 Qxa6 20. f5 Rac8 21. f6 gxf6 22. Qh6 Rfd8 23. exf6 Bf8 24. Qg5+ Kh8 25. Rhe1 Rc4 26. Nxe6 fxe6 27. f7 Qd6 28. Rxe6 Be7 29. Rxe7 Rf8 30. Rxd5 Rxg4 31. Rxd6 Rxg5 32. b3 Rg1+ 33. Kb2 Rg7 34. Rdd7 h5 35. h4 Kh7 36. a3 Kg6 37. axb4 axb4 38. Rd6+ Kf5 39. Rd5+ Kg4 40. Red7 Rgxf7 41. Rxf7 Rxf7 42. Rd4+ Rf4 43. Rxf4+ Kxf4 44. c4 bxc3+ 45. Kxc3 Ke5 46. Kc4 Kd6 47. Kb5 Kc7 48. Ka6 Kb8 49. Kb6 Ka8 50. b4 Kb8 51. b5 Ka8 52. Kc7 Ka7 53. b6+ 1-0